 Dungeon Crawl Stone Soup version 0.31-a0-705-ga145531891 (webtiles) character file.

Game seed: 5929877048115107667

1334 MackTheKnife the Covert (level 8, -3/41 HPs)
             Began as a Deep Elf Enchanter on Sept 9, 2023.
             Was an Initiate of Ashenzari.
             Slain by a gnoll
             ... wielding a +0 halberd
              (12 damage)
             ... in the Ecumenical Temple.
             The game lasted 00:08:30 (5392 turns).

MackTheKnife the Covert (Deep Elf Enchanter)        Turns: 5392, Time: 00:08:31

Health: -3/41      AC:  3    Str:  5    XL:     8   Next: 35%
Magic:  4/14       EV: 13    Int: 23    God:    Ashenzari [......]
Gold:   168        SH:  0    Dex: 15    Spells: 8/13 levels left

rFire   + . .        n - +0 rapier (flame) {short}
rCold   . . .        (no shield)
rNeg    . . .        b - +0 robe
rPois   .            o - +0 helmet {SInv}
rElec   .            (no cloak)
rCorr   .            (no gloves)
SInv    +            (no boots)
Will    .....        (no amulet)
Stlth   ++++         i - ring of protection from fire
HPRegen 0.26/turn    (no ring)
MPRegen 0.14/turn

%: no passive effects
@: very slightly contaminated
A: no striking features
a: Renounce Religion


You were in the Ecumenical Temple.
You worshipped Ashenzari.
Ashenzari was noncommittal.
You visited 2 branches of the dungeon, and saw 6 of its levels.

You collected 357 gold pieces.
You spent 189 gold pieces at shops.


   Skills:
 + Level 5.5 Short Blades
 - Level 3.6 Dodging
 + Level 10.1 Stealth
 - Level 3.0 Spellcasting
 - Level 6.5 Hexes


You had 8 spell levels left.
You knew the following spells:

 Your Spells              Type           Power      Damage    Failure   Level
a - Ensorcelled Hibernat  Hex/Ice        36%        N/A       4%          2
b - Confusing Touch       Hex            33%        N/A       2%          3

Your spell library contained the following spells:

 Spells                   Type           Power      Damage    Failure   Level
 Tukima's Dance           Hex            33%        N/A       2%          3
 Dazzling Flash           Conj/Hex       36%        N/A       9%          3
 Foxfire                  Conj/Fire      12%        2x1d4     12%         1
 Blink                    Tloc           6%         N/A       17%         2
 Lesser Beckoning         Tloc           6%         N/A       17%         2
 Momentum Strike          Conj/Tloc      6%         3d8       17%         2
 Plasma Beam              Fire/Air       1%         2x1d11    100%        6
 Starburst                Conj/Fire      1%         6d3       100%        6

Inventory:

Hand Weapons
 n - a +0 rapier of flaming (weapon) {short}
   (You found it on level 3 of the Dungeon)
Missiles
 l - a throwing net {=f!fthrowing}
Armour
 b - a +0 robe (worn)
 o - a +0 helmet of see invisible (worn)
   (You bought it in a shop on level 4 of the Dungeon)
Jewellery
 i - a ring of protection from fire (left hand)
   (You found it on level 2 of the Dungeon)
Wands
 r - a wand of charming (10)
   (You found it on level 5 of the Dungeon)
Scrolls
 d - 2 scrolls of fear
 e - 3 scrolls of amnesia
 m - 2 scrolls of teleportation {@r4}
 p - a scroll of fog
 q - a scroll of silence {!r}
 s - a scroll of summoning {unknown}
Potions
 a - a potion of curing {unknown}
 c - 2 potions of invisibility
 f - a potion of heal wounds {@q2}
 g - a potion of haste {@q3}
 h - a potion of might
 j - 3 potions of enlightenment
 k - 2 potions of lignification {unknown}

Dungeon Overview and Level Annotations

Branches:
Dungeon (5/15) Zot: 24651  Temple (1/1) D:5 Zot: 5966

Altars:
Ashenzari
Cheibriados
Dithmenos
Elyvilon
Fedhas
Gozag
Hepliaklqana
Kikubaaqudgha
Makhleb
Nemelex Xobeh
Okawaru
Qazlal
Sif Muna
Trog
Uskayaw
Vehumet
Wu Jian
Xom
Yredelemnul
Zin
The Shining One

Shops:
D:4 [[(*

Annotations:
D:3 2 transporters, Rhemslard's ghost, amateur GrFi

############
#..........#
#.________.#
#.__._____.#
#.g........#
#@.._......#
#.....8....#
#..........#
#.8888.888.#
#.8888_888.#
#..........#
############


You could see a gnoll.


Message History

You now have 157 gold pieces (gained 13).
s - a scroll labelled EKHLOA REFAED
t - a scroll of identify {@r1}
As you read the scroll of identify {@r1}, it crumbles to dust.
q - a scroll of silence A gnoll comes into view.
It is wielding a +0 whip.
A gnoll is nearby!
A gnoll is nearby!
A gnoll is nearby!
A gnoll comes into view. It is wielding a +0 halberd.
A gnoll comes into view. It is wielding a +0 halberd.
The gnoll shouts! x2
The gnoll throws a throwing net.
The throwing net barely misses you.
The gnoll shouts!
You now have 168 gold pieces (gained 11).
You open the door.
Found a staircase to the Ecumenical Temple.
There is an open door here.
There is a staircase to the Ecumenical Temple here.
You climb downwards.
Welcome to the Ecumenical Temple!
Found fifteen altars.
Found a staircase back to the Dungeon.
There is a staircase back to the Dungeon here.
Found a snail-covered altar of Cheibriados and a burning altar of Makhleb.
There is a broken altar of Ashenzari here.
You kneel at the altar of Ashenzari.
Unknown command.
Press < or > to pray at altars.
There is an ornate altar of the Wu Jian Council here.
There is a glowing silver altar of Zin here.
There is a sparkling altar of Nemelex Xobeh here.
There is a broken altar of Ashenzari here.
You kneel at the altar of Ashenzari.
Ashenzari welcomes you!
Ashenzari warns you of distant threats and treasures.
Ashenzari shows you where magical portals lie.
Unknown command.
Press < or > to pray at altars.
There is a shimmering blue altar of Sif Muna here.
There is a staircase back to the Dungeon here.
You climb upwards.
Welcome back to the Dungeon!
The gnoll hits you with a +0 halberd. The gnoll hits you with a +0 halberd!
There is a staircase to the Ecumenical Temple, spattered with blood here. 😮 HP[-18]
You take 18 damage, and now have 23/41 hp.
MASSIVE DAMAGE!! (PAUSE) Unknown command.
Okay, then.
You climb downwards.
Welcome back to the Ecumenical Temple!
There is a staircase back to the Dungeon here. 😮 HP[+1] Unknown command.
Casting: Ensorcelled Hibernation (safe; 4% risk of failure)
Confirm with . or Enter, or press ? or * to list all spells.
Aiming: Ensorcelled Hibernation (safe; 4% risk of failure)
Press: ? - help, Shift-Dir - straight line, f - gnoll
Aim: a gnoll, wielding a +0 halberd (chance to affect: 60%)
The gnoll resists with significant effort.
The gnoll barely misses you. 😮 MP[-2]
You lost 2 mp, and now have 12/14 mp.
Casting: Ensorcelled Hibernation (safe; 4% risk of failure)
Confirm with . or Enter, or press ? or * to list all spells.
Aiming: Ensorcelled Hibernation (safe; 4% risk of failure)
Press: ? - help, Shift-Dir - straight line, f/p - gnoll
Aim: a gnoll, wielding a +0 halberd (chance to affect: 60%)
You miscast Ensorcelled Hibernation.
You are very lightly contaminated with residual magic.
Nothing appears to happen.
The gnoll hits you with a +0 halberd.
* * * LOW HITPOINT WARNING * * *
😨 HP[-5] MP[-2]
You take 5 damage, and now have 19/41 hp.
You lost 2 mp, and now have 10/14 mp.
Casting: Ensorcelled Hibernation (safe; 4% risk of failure)
Confirm with . or Enter, or press ? or * to list all spells.
Aiming: Ensorcelled Hibernation (safe; 4% risk of failure)
Press: ? - help, Shift-Dir - straight line, f/p - gnoll
Aim: a gnoll, wielding a +0 halberd (chance to affect: 60%)
The gnoll resists with significant effort.
The gnoll hits you with a +0 halberd!
* * * LOW HITPOINT WARNING * * *
😱 HP[-10] MP[-2]
You take 10 damage, and now have 9/41 hp.
MASSIVE DAMAGE!! (PAUSE)
You lost 2 mp, and now have 8/14 mp.
Casting: Ensorcelled Hibernation (safe; 4% risk of failure)
Confirm with . or Enter, or press ? or * to list all spells.
Aiming: Ensorcelled Hibernation (safe; 4% risk of failure)
Press: ? - help, Shift-Dir - straight line, f/p - gnoll
Aim: a gnoll, wielding a +0 halberd (chance to affect: 60%)
The gnoll resists with significant effort.
The gnoll closely misses you. 😱 MP[-2]
You lost 2 mp, and now have 6/14 mp.
Casting: Ensorcelled Hibernation (safe; 4% risk of failure)
Confirm with . or Enter, or press ? or * to list all spells.
Aiming: Ensorcelled Hibernation (safe; 4% risk of failure)
Press: ? - help, Shift-Dir - straight line, f/p - gnoll
Aim: a gnoll, wielding a +0 halberd (chance to affect: 60%)
The gnoll resists with significant effort.
The gnoll hits you with a +0 halberd!
You die...

Skill      XL: |  1  2  3  4  5  6  7 |
---------------+----------------------+-----
Stealth        | 4 5 6 7 10 | 10.1
Hexes          | 5 6 |  6.5
Dodging        | 3 |  3.6
Short Blades   | 2 5 |  5.5
Spellcasting   | |  3.0

Action                     |  1- 3 |  4- 6 |  7- 9 || total
---------------------------+-------+-------+-------++-------
  Melee: Dagger            |    99 |    37 |       ||   136
         Rapier            |       |    81 |    21 ||   102
         Punch             |       |     2 |       ||     2
   Cast: Ensorcelled Hiber |    20 |    29 |    17 ||    66
         Confusing Touch   |       |     2 |     1 ||     3
    Use: Potion            |     1 |     1 |     3 ||     5
         Scroll            |       |     8 |     2 ||    10
   Stab: Invisible         |     4 |       |       ||     4
         Sleeping          |    22 |    29 |     9 ||    60
         Confused          |       |     2 |       ||     2
         Distracted        |       |     1 |       ||     1
 Armour: Robe              |    45 |    49 |    16 ||   110
  Dodge: Dodged            |    65 |    61 |    18 ||   144

Levels and vault maps discovered:
D:1:      heliophobic_arrival_henge, layout_basic
D:2:      layout_basic, ebering_ecumenical_altar_sacrificial,
          minmay_gold_behind_fungi
D:3:      layout_basic, nicolae_overflow_hidden_temple,
          gammafunk_ghost_mausoleum
D:4:      layout_basic, serial_shops, shop, shop, shop, nicolae_shop_trees,
          serial_curves, eino_curves_04, eino_curves_03, nicolae_letterblocks
          [nicolae_letter_subblock, nicolae_letter_subblock,
          nicolae_letter_subblock, nicolae_letter_subblock,
          nicolae_letter_subblock, nicolae_letter_subblock,
          nicolae_letter_subblock, nicolae_letter_subblock,
          nicolae_letter_subblock, nicolae_letter_subblock,
          nicolae_letter_subblock, nicolae_letter_subblock,
          nicolae_letter_subblock, nicolae_letter_subblock,
          nicolae_letter_subblock, nicolae_letter_subblock,
          nicolae_letter_subblock, nicolae_letter_subblock,
          nicolae_letter_subblock, nicolae_letter_subblock,
          nicolae_letter_subblock, nicolae_letter_subblock,
          nicolae_letter_subblock, nicolae_letter_subblock,
          nicolae_letter_subblock], uniq_robin
D:5:      layout_gridville, temple_statues
Temple:   sentei_temple_godly_chess

Notes
Turn   | Place    | Note
-------+----------+-------------------------------------------
     0 | D:1      | MackTheKnife the Deep Elf Enchanter began the quest for the
                  | Orb.
     0 | D:1      | Reached XP level 1. HP: 10/10 MP: 6/6
     0 | D:1      | magus.rc [v1.9.6]
    84 | D:1      | Reached skill level 4 in Stealth
   124 | D:1      | Reached XP level 2. HP: 15/15 MP: 8/8
   127 | D:1      | Learned a level 2 spell: Ensorcelled Hibernation
  1115 | D:2      | Reached XP level 3. HP: 19/19 MP: 4/9
  1164 | D:2      | Found a faded altar of an unknown god.
  1184 | D:2      | You pick up a book of Fire and begin reading...
  1184 | D:2      | You add the spells Foxfire, Plasma Beam and Starburst to
                  | your library.
  1192 | D:2      | Reached skill level 5 in Hexes
  1670 | D:2      | Learned a level 3 spell: Confusing Touch
  1793 | D:2      | Reached skill level 5 in Stealth
  2542 | D:3      | Reached XP level 4. HP: 24/24 MP: 10/10
  2670 | D:3      | Found a shadowy altar of Dithmenos.
  2670 | D:3      | Found a radiant altar of Vehumet.
  2675 | D:3      | Found a shimmering altar of Xom.
  2691 | D:3      | Found a transporter.
  2846 | D:3      | Noticed Rhemslard's ghost (amateur GrFi)
  2950 | D:3      | Found a hide-covered altar of Uskayaw.
  3136 | D:3      | Found a transporter.
  3287 | D:4      | You pick up a book of Spatial Translocations and begin
                  | reading...
  3287 | D:4      | You add the spells Blink, Momentum Strike and Lesser
                  | Beckoning to your library.
  3299 | D:4      | Noticed Robin
  3364 | D:4      | Noticed an ogre
  3371 | D:4      | Killed an ogre
  3372 | D:4      | Reached skill level 6 in Stealth
  3372 | D:4      | Reached skill level 6 in Hexes
  3372 | D:4      | Reached XP level 5. HP: 15/28 MP: 8/11
  3432 | D:4      | Found Niareu's General Store.
  3441 | D:4      | Bought a scroll of identify for 28 gold pieces
  3441 | D:4      | Bought a +0 helmet of see invisible for 161 gold pieces
  3450 | D:4      | magus.rc [v1.9.6]
  3505 | D:4      | HP: 6/28 [orc wizard/puff of flame (4)]
  3506 | D:4      | HP: 2/28 [orc wizard/puff of flame (4)]
  3685 | D:4      | Found Umeref's Weapon Boutique.
  3790 | D:4      | Reached skill level 3 in Dodging
  3790 | D:4      | Reached XP level 6. HP: 26/32 MP: 9/12
  3792 | D:4      | Killed Robin
  3904 | D:4      | Reached skill level 7 in Stealth
  4159 | D:4      | Found Kaolah's Armour Boutique.
  4273 | D:4      | Found Fimara's Antique Armour Shoppe.
  4349 | D:4      | Reached skill level 2 in Short Blades
  4562 | D:5      | Entered Level 5 of the Dungeon
  4629 | D:5      | Reached XP level 7. HP: 36/36 MP: 13/13
  4699 | D:5      | Reached skill level 8 in Stealth
  4747 | D:5      | Reached skill level 3 in Short Blades
  4856 | D:5      | HP: 7/36 [poisoned by a scorpion]
  4858 | D:5      | HP: 2/36 [poisoned by a scorpion]
  4999 | D:5      | Noticed a two-headed ogre
  5001 | D:5      | HP: 7/36 [two-headed ogre/+0 giant spiked club (29)]
  5004 | D:5      | Killed a two-headed ogre
  5005 | D:5      | Reached skill level 5 in Short Blades
  5005 | D:5      | Reached skill level 10 in Stealth
  5005 | D:5      | Reached XP level 8. HP: 9/41 MP: 5/14
  5353 | D:5      | Found a staircase to the Ecumenical Temple.
  5358 | Temple   | Entered the Ecumenical Temple
  5376 | Temple   | Became a worshipper of Ashenzari the Shackled
  5390 | Temple   | HP: 9/41 [gnoll/+0 halberd (10)]
  5392 | Temple   | Slain by a gnoll

Vanquished Creatures
  A two-headed ogre (D:5)
  An ogre (D:4)
  4 scorpions
  4 hounds
  2 iguanas
  A sleepcap (D:4)
  3 orc wizards (D:4)
  Robin (D:4)
  6 adders
  A shadow imp (D:5)
  A worm (D:3)
  2 dart slugs
  12 orcs
  4 ball pythons
  5 bats
  5 endoplasms
  A giant cockroach (D:1)
  15 goblins
  7 hobgoblins
  5 jackals
  5 quokkas
  2 frilled lizards
  6 kobolds
  3 rats
97 creatures vanquished.

Table legend:
 A = Non-vault XP
 B = Vault XP
 C = Vault XP percentage of total XP
 D = Non-vault monster count
 E = Vault monster count
 F = Vault count percentage of total count
                 A         B        C        D         E       F
            +---------+---------+-------+---------+---------+-------
      Total |    1872 |      35 |   1.8 |      86 |      11 |  11.3
            +---------+---------+-------+---------+---------+-------
        D:1 |      24 |       0 |   0.0 |      13 |       0 |   0.0
        D:2 |      58 |       0 |   0.0 |      20 |       0 |   0.0
        D:3 |      82 |       2 |   2.4 |      15 |       1 |   6.2
        D:4 |     466 |      33 |   6.6 |      23 |      10 |  30.3
        D:5 |    1242 |       0 |   0.0 |      15 |       0 |   0.0
            +---------+---------+-------+---------+---------+-------

Skill      XL: |  1  2  3  4  5  6  7 |
---------------+----------------------+-----
Stealth        | 4 5 6 7 10 | 10.1
Hexes          | 5 6 |  6.5
Dodging        | 3 |  3.6
Short Blades   | 2 5 |  5.5
Spellcasting   | |  3.0

Action                     |  1- 3 |  4- 6 |  7- 9 || total
---------------------------+-------+-------+-------++-------
  Melee: Dagger            |    99 |    37 |       ||   136
         Rapier            |       |    81 |    21 ||   102
         Punch             |       |     2 |       ||     2
   Cast: Ensorcelled Hiber |    20 |    29 |    17 ||    66
         Confusing Touch   |       |     2 |     1 ||     3
    Use: Potion            |     1 |     1 |     3 ||     5
         Scroll            |       |     8 |     2 ||    10
   Stab: Invisible         |     4 |       |       ||     4
         Sleeping          |    22 |    29 |     9 ||    60
         Confused          |       |     2 |       ||     2
         Distracted        |       |     1 |       ||     1
 Armour: Robe              |    45 |    49 |    16 ||   110
  Dodge: Dodged            |    65 |    61 |    18 ||   144

Illustrated notes

Table legend:
 A = Kills in this place as a percentage of kills in the entire game.
 B = Kills by you in this place as a percentage of kills by you in the entire game.
 C = Kills by friends in this place as a percentage of kills by friends in the entire game.
 D = Other kills in this place as a percentage of other kills in the entire game.
 E = Experience gained in this place as a percentage of experience gained in the entire game.
 F = Experience gained in this place divided by the number of levels of this place that you have seen.
                   A       B       C       D       E      F
               +-------+-------+-------+-------+-------+----------------------
         Total | 100.0 | 100.0 |   N/A |   N/A | 100.0 | 317.8
       Dungeon | 100.0 | 100.0 |   N/A |   N/A | 100.0 | 381.4
               +-------+-------+-------+-------+-------+----------------------

Table legend: (Time is in decaauts)
 A = Elapsed time spent in this place.
 B = Non-inter-level travel time spent in this place.
 C = Inter-level travel time spent in this place.
 D = Time resting spent in this place.
 E = Time spent auto-exploring this place.
 F = Levels seen in this place.
 G = Mean time per level.
                   A        B        C        D        E       F      G
               +--------+--------+--------+--------+--------+-----+--------+
         Total |   5381 |   5175 |    206 |    477 |   3803 |   6 |  896.8 |
       Dungeon |   5348 |   5149 |    199 |    477 |   3803 |   5 | 1069.6 |
        Temple |     32 |     25 |      7 |      0 |      0 |   1 |   32.0 |
               +--------+--------+--------+--------+--------+-----+--------+

Top non-repeatable levels by time:
     D:2: 1383 daAuts
     D:4: 1135 daAuts
     D:3: 1095 daAuts
     D:1: 981 daAuts
     D:5: 753 daAuts
  Temple: 32 daAuts
